 Dungeon Crawl Stone Soup version 0.28-a0-1199-gef9e1dbd39 (webtiles) character file.

Game seed: 100850072043281979

3028 karrick the Sneak (level 9, 0/63 (66) HPs)
             Began as a Gnoll Enchanter on Dec 20, 2021.
             Slain by an orc warrior (7 damage)
             ... on level 8 of the Dungeon.
             The game lasted 00:26:04 (9417 turns).

karrick the Sneak (Gnoll Enchanter)                 Turns: 9417, Time: 00:26:04

HP:   0/63 (66)     AC:  8    Str: 14    XL:     9   Next: 85%
MP:   10/19         EV: 15    Int: 14    God:
Gold: 329           SH:  0    Dex: 14    Spells: 9/21 levels left

rFire   . . .      SeeInvis .   x - +9 dagger "Wafant" {drain, rElec rN+ rCorr Str+3}
rCold   . . .      Faith    .   (no shield)
rNeg    + . .      Spirit   .   J - +0 steam dragon scales
rPois   .          Reflect  .   u - +1 hat
rElec   +          Harm     .   B - scarf {repulsion}
rCorr   +          Rampage  .   n - +0 pair of gloves
Will    .....                   (no boots)
Stlth   ++........              (no amulet)
HPRegen 0.20/turn               s - +4 ring of slaying
MPRegen 0.16/turn               y - ring of wizardry

@: confused, lethally poisoned (0 -> -6), confusing by touch, ambrosia-drunk,
hasted, lightly drained, repel missiles, very quick
A: fangs 1, strong nose, distributed training, claws 1
a: no special abilities


You were on level 8 of the Dungeon.
You visited 2 branches of the dungeon, and saw 9 of its levels.

You collected 497 gold pieces.
You spent 168 gold pieces at shops.

Inventory:

Hand Weapons
 q - a +2 dagger of holy wrath
 x - the +9 dagger "Wafant" (weapon) {drain, rElec rN+ rCorr Str+3}
   (You found it on level 6 of the Dungeon)

   A truly terrible weapon, it drains the life of any living foe it strikes.
   Str:       It affects your strength (+3).
   rElec:     It insulates you from electricity.
   rN:        It protects you from negative energy.
   rCorr:     It protects you from acid and corrosion.
 C - the +1 hand axe "Ciuz" {drain, rPois Int+3 SInv}
   (You found it on level 6 of the Dungeon)

   A truly terrible weapon, it drains the life of any living foe it strikes.
   Int:       It affects your intelligence (+3).
   rPois:     It protects you from poison.
   SInv:      It lets you see invisible.
Missiles
 l - 2 boomerangs (quivered)
Armour
 b - a +0 robe
 n - a +0 pair of gloves (worn)
 u - a +1 hat (worn)
 B - a scarf of repulsion (worn)
 J - +0 steam dragon scales (worn)
Jewellery
 s - a +4 ring of slaying (left hand)
 y - a ring of wizardry (right hand)
Wands
 a - a wand of digging (2)
 c - a wand of acid (19)
 I - a wand of flame (25)
Scrolls
 d - a scroll of holy word {unknown}
 e - a scroll of enchant weapon {unknown}
 f - 6 scrolls of teleportation {unknown}
 g - 2 scrolls of noise {unknown}
 i - a scroll of amnesia {unknown}
 j - 3 scrolls of magic mapping {unknown}
 k - a scroll of silence {unknown}
 p - 7 scrolls of identify {unknown}
 t - a scroll of summoning {unknown}
 A - 2 scrolls of immolation {unknown}
 F - a scroll of brand weapon {unknown}
Potions
 h - a potion of ambrosia
 o - a potion of brilliance {unknown}
 r - 2 potions of flight
 v - a potion of haste
 w - 2 potions of cancellation
 z - a potion of resistance
 D - a potion of heal wounds {unknown}
 G - a potion of berserk rage {unknown}
 H - a potion of lignification {unknown}


   Skills:
 + Level 4.6 Fighting
 + Level 5.4 Short Blades
 + Level 4.6 Long Blades
 + Level 4.6 Axes
 + Level 4.6 Maces & Flails
 + Level 4.6 Polearms
 + Level 4.6 Staves
 + Level 4.6 Slings
 + Level 4.6 Bows
 + Level 4.6 Crossbows
 + Level 4.6 Throwing
 + Level 4.6 Armour
 + Level 6.6 Dodging
 + Level 7.6 Stealth
 + Level 4.6 Shields
 + Level 4.6 Unarmed Combat
 + Level 6.9 Spellcasting
 + Level 3.8 Conjurations
 + Level 6.7 Hexes
 + Level 3.8 Summonings
 + Level 3.8 Necromancy
 + Level 3.8 Translocations
 + Level 3.8 Transmutations
 + Level 3.8 Fire Magic
 + Level 3.8 Ice Magic
 + Level 3.8 Air Magic
 + Level 3.8 Earth Magic
 + Level 3.8 Poison Magic
 + Level 5.1 Invocations
 + Level 4.6 Evocations


You had 9 spell levels left.
You knew the following spells:

 Your Spells              Type           Power      Damage    Failure   Level
a - Confusing Touch       Hex            23%        N/A       1%          3
b - Tukima's Dance        Hex            23%        N/A       1%          3
c - Ozocubu's Armour      Ice            15%        N/A       3%          3
d - Call Canine Familiar  Summ           15%        N/A       3%          3

Your spell library contained the following spells:

 Spells                   Type           Power      Damage    Failure   Level
 Pain                     Necr           60%        1d7       1%          1
 Slow                     Hex            92%        N/A       1%          1
 Ensorcelled Hibernation  Hex/Ice        38%        N/A       1%          2
 Sublimation of Blood     Necr           15%        N/A       1%          2
 Dazzling Flash           Conj/Hex       38%        N/A       1%          3
 Portal Projectile        Hex/Tloc       38%        N/A       1%          3
 Frozen Ramparts          Ice            30%        1d5       3%          3
 Ignite Poison            Fire/Tmut/Pois 15%        N/A       3%          3
 Mephitic Cloud           Conj/Pois/Air  15%        N/A       3%          3
 Vampiric Draining        Necr           15%        2d7       3%          3
 Fulminant Prism          Conj/Hex       9%         3d7       6%          4
 Leda's Liquefaction      Hex/Erth       9%         N/A       6%          4
 Animate Armour           Summ/Erth      30%        N/A       12%         4
 Ice Form                 Ice/Tmut       15%        N/A       12%         4
 Iskenderun's Mystic Bla  Conj/Tloc      15%        2d5       12%         4
 Petrify                  Tmut/Erth      15%        N/A       12%         4
 Summon Ice Beast         Ice/Summ       15%        N/A       12%         4
 Metabolic Englaciation   Hex/Ice        9%         N/A       17%         5
 Agony                    Necr           15%        N/A       32%         5
 Blade Hands              Tmut           7%         N/A       32%         5
 Excruciating Wounds      Necr           7%         N/A       32%         5
 Freezing Cloud           Conj/Ice/Air   7%         6-21      32%         5
 Irradiate                Conj/Tmut      7%         3d16      32%         5
 Lee's Rapid Deconstruct  Erth           7%         3d8*      32%         5
 Iron Shot                Conj/Erth      7%         9d2       85%         6
 Simulacrum               Ice/Necr       7%         N/A       85%         6


Dungeon Overview and Level Annotations

Branches:
Dungeon (8/15)             Temple (1/1) D:4
   Lair: D:8-11

Altars:
Cheibriados
Dithmenos
Elyvilon
Gozag
Hepliaklqana
Kikubaaqudgha
Makhleb
Nemelex Xobeh
Qazlal
Uskayaw
Wu Jian
Xom
Yredelemnul
Zin
The Shining One

Shops:
D:1 [

Annotations:
D:8 Psyche


Innate Abilities, Weirdness & Mutations

You have very sharp teeth.
Your uncanny sense of smell can sniff out nearby items.
Your experience applies equally to all skills.
You have sharp fingernails.


Message History

Your hands begin to glow red.
You hear some strange, mumbled words.
A swirling arc of seething chaos appears!
An arc of chaos appears from out of thin air!
The arc of chaos hits you but does no damage.
You partially resist.
You hit something but do no damage. Something hits you but does no damage.
You partially resist.
You hit something but do no damage. Something hits you!
* * * LOW HITPOINT WARNING * * *
You are poisoned.
It was a potion of haste.
You feel yourself speed up.
* * * LOW HITPOINT WARNING * * *
You feel very sick.
You hear some strange, mumbled words.
A swirling arc of seething chaos appears!
An arc of chaos appears from out of thin air!
The arc of chaos hits you but does no damage.
You partially resist. The orc warrior hits you.
* * * LOW HITPOINT WARNING * * *
It was a potion of ambrosia.
You are confused.
You feel invigorated.
* * * LOW HITPOINT WARNING * * *
You feel sick.
You hear a zap.
Your will is overpowered!
You are more confused.
You are too confused!
Okay, then.
You are too confused!
Unknown command.
You bump into the rock wall.
You feel sick.
Psyche appears from thin air!
Reactivating autopickup.
Psyche the Insane Magess comes into view.
She is wielding a +2 dagger of chaos and carrying a wand of charming (9).
Psyche gestures wildly while chanting.
A swirling arc of seething chaos appears!
The arc of chaos hits you. You partially resist.
You feel drained.
* * * LOW HITPOINT WARNING * * *
The arc of chaos hits the orc warrior.
The orc warrior hits you!
You die...

.(..o......... ...
......+.....>.
#.#.....#.....
.....##...##..
#####.#.#...#.....
##..##..###..
...............#.##
#......###..
....#.#........#.#
.##..##.......
###.#............#
........####..
#.#.#..........#.#
.##..##.#.....
#.#.##[.###....#o#
#..##.#.##..
...............#@#
#.....#.##.#
#........∆.oo..#@#
#..........#
#.#.#..#..##...#.#
##.##.#.####
.......#..##...#.##
#. #.#.....
..................#
# #.######
...............#.##
#.# #
#.##.............#
#.######
#.##.............#
#.......
#.........#.......
#.###...


You could see Psyche and an orc warrior.

Vanquished Creatures
  Pikel (D:7)
  Prince Ribbit (D:7)
  Sigmund (D:4)
  A wyvern (D:7)
  A steam dragon (D:7)
  An orc warrior (D:6)
  2 sky beasts
  2 ice beasts
  A necrophage (D:8)
  A lemure (D:7)
  A phantom (D:5)
  2 centaurs
  A kobold brigand (D:6)
  A bullfrog (D:7)
  A scorpion (D:6)
  A wyvern skeleton (D:5)
  3 wights (D:8)
  3 centaur skeletons
  3 hounds (D:5)
  3 jellies
  2 orc priests (D:7)
  4 iguanas
  2 orc wizards
  2 gnolls (D:4)
  8 adders
  2 white imps
  2 adder skeletons (D:4)
  3 dart slugs (D:4)
  21 orcs
  9 ball pythons
  8 bats
  6 endoplasms
  A giant cockroach (D:1)
  6 goblins
  7 hobgoblins
  2 quokkas
  4 frilled lizards
  10 kobolds
  6 rats
136 creatures vanquished.

Vanquished Creatures (collateral kills)
  An orc warrior (D:7)
  A wight (D:8)
  A gnoll (D:4)
  2 orcs (D:4)
5 creatures vanquished.

Vanquished Creatures (others)
  7 dancing weapons
7 creatures vanquished.

Grand Total: 148 creatures vanquished

Notes
Turn   | Place    | Note
-------+----------+-------------------------------------------
     0 | D:1      | karrick the Gnoll Enchanter began the quest for the Orb.
     0 | D:1      | Reached XP level 1. HP: 13/13 MP: 6/6
   341 | D:1      | Reached XP level 2. HP: 19/19 MP: 7/7
   593 | D:1      | Found a faded altar of an unknown god.
   878 | D:1      | Found Anumikk's Armour Shoppe.
  1481 | D:2      | Reached XP level 3. HP: 19/25 MP: 9/9
  1660 | D:2      | Reached skill level 5 in Spellcasting
  2114 | D:3      | Reached skill level 6 in Stealth
  2175 | D:3      | Learned a level 3 spell: Confusing Touch
  2179 | D:3      | Learned a level 3 spell: Tukima's Dance
  2272 | D:3      | Reached skill level 1 in Invocations
  2596 | D:2      | Reached skill level 1 in Fighting
  2596 | D:2      | Reached skill level 1 in Long Blades
  2596 | D:2      | Reached skill level 1 in Axes
  2596 | D:2      | Reached skill level 1 in Maces & Flails
  2596 | D:2      | Reached skill level 1 in Polearms
  2596 | D:2      | Reached skill level 1 in Staves
  2596 | D:2      | Reached skill level 1 in Slings
  2596 | D:2      | Reached skill level 1 in Bows
  2596 | D:2      | Reached skill level 1 in Crossbows
  2596 | D:2      | Reached skill level 1 in Throwing
  2596 | D:2      | Reached skill level 1 in Armour
  2596 | D:2      | Reached skill level 1 in Shields
  2596 | D:2      | Reached skill level 1 in Unarmed Combat
  2596 | D:2      | Reached skill level 1 in Evocations
  2667 | D:2      | Reached XP level 4. HP: 25/32 MP: 7/11
  3553 | D:4      | Noticed Sigmund
  3556 | D:4      | Reached skill level 1 in Conjurations
  3556 | D:4      | Reached skill level 1 in Summonings
  3556 | D:4      | Reached skill level 1 in Necromancy
  3556 | D:4      | Reached skill level 1 in Translocations
  3556 | D:4      | Reached skill level 1 in Transmutations
  3556 | D:4      | Reached skill level 1 in Fire Magic
  3556 | D:4      | Reached skill level 1 in Ice Magic
  3556 | D:4      | Reached skill level 1 in Air Magic
  3556 | D:4      | Reached skill level 1 in Earth Magic
  3556 | D:4      | Reached skill level 1 in Poison Magic
  3564 | D:5      | Entered Level 5 of the Dungeon
  3621 | D:5      | Reached XP level 5. HP: 20/37 MP: 9/12
  3768 | D:5      | Noticed an ice beast
  3776 | D:5      | Learned a level 3 spell: Ozocubu's Armour
  4070 | D:5      | Noticed a phantom
  4080 | D:6      | Identified the +9 dagger "Wafant" {drain, rElec rN+ rCorr
                  | Str+3}
  4103 | D:5      | Gained mutation: Your mind is acute. (Int +2) [potion of
                  | mutation]
  4103 | D:5      | Gained mutation: You do not regenerate when monsters are
                  | visible. [potion of mutation]
  4395 | D:4      | Lost mutation: You do not regenerate when monsters are
                  | visible. [potion of mutation]
  4395 | D:4      | Lost mutation: Your mind is acute. (Int +2) [potion of
                  | mutation]
  4395 | D:4      | Gained mutation: You have sharp fingernails. [potion of
                  | mutation]
  4443 | D:4      | Reached XP level 6. HP: 27/44 MP: 1/13
  4788 | D:4      | Found a staircase to the Ecumenical Temple.
  4804 | Temple   | Entered the Ecumenical Temple
  5009 | Temple   | Reached skill level 5 in Dodging
  5260 | Temple   | Learned a level 3 spell: Call Canine Familiar
  5289 | D:4      | Killed Sigmund
  5290 | D:4      | Reached XP level 7. HP: 51/51 MP: 9/15
  5983 | D:1      | Bought a scarf of repulsion for 168 gold pieces
  6499 | D:6      | Identified the +1 hand axe "Ciuz" {drain, rPois Int+3 SInv}
  6647 | D:5      | Reached XP level 8. HP: 52/57 MP: 13/16
  7724 | D:7      | Reached skill level 7 in Stealth
  8021 | D:7      | Reached XP level 9. HP: 49/65 MP: 9/18
  8109 | D:7      | Noticed Pikel
  8125 | D:7      | Killed Pikel
  8211 | D:7      | Noticed Prince Ribbit
  8234 | D:7      | Killed Prince Ribbit
  8235 | D:7      | Reached skill level 5 in Short Blades
  8940 | D:8      | Found a stormy altar of Qazlal.
  8947 | D:8      | Found a glowing golden altar of the Shining One.
  9158 | D:8      | Reached skill level 5 in Invocations
  9417 | D:8      | Slain by an orc warrior

Illustrated notes

Levels and vault maps discovered:
D:1:      ebering_trefoil_3fold, layout_loops_cross, serial_shops, shop,
          chequers_ecumenical_altar_grove
D:2:      wander_river, layout_rooms, guppyfry_early_orc_mine
D:3:      layout_rooms
D:4:      layout_basic, minmay_temple_entry_offerings, minmay_ruptured,
          uniq_sigmund
D:5:      layout_loops_cross
D:6:      layout_basic
D:7:      layout_loops_cross, uniq_prince_ribbit1, uniq_pikel
D:8:      layout_basic, grunt_temple_overflow_open,
          mainiacjoe_overflow_large_starburst, uniq_psyche
Temple:   cyrus_circular_temple

Skill      XL: |  1  2  3  4  5  6  7  8  9 |
---------------+----------------------------+-----
Spellcasting   | 5 6 |  6.9
Stealth        | 6 7 |  7.6
Invocations    | 1 2 3 4 5 |  5.1
Fighting       | 1 2 3 4 |  4.6
Long Blades    | 1 2 3 4 |  4.6
Axes           | 1 2 3 4 |  4.6
Maces & Flails | 1 2 3 4 |  4.6
Polearms       | 1 2 3 4 |  4.6
Staves         | 1 2 3 4 |  4.6
Slings         | 1 2 3 4 |  4.6
Bows           | 1 2 3 4 |  4.6
Crossbows      | 1 2 3 4 |  4.6
Throwing       | 1 2 3 4 |  4.6
Armour         | 1 2 3 4 |  4.6
Shields        | 1 2 3 4 |  4.6
Unarmed Combat | 1 2 3 4 |  4.6
Evocations     | 1 2 3 4 |  4.6
Conjurations   | 1 2 3 |  3.8
Summonings     | 1 2 3 |  3.8
Necromancy     | 1 2 3 |  3.8
Translocations | 1 2 3 |  3.8
Transmutations | 1 2 3 |  3.8
Fire Magic     | 1 2 3 |  3.8
Ice Magic      | 1 2 3 |  3.8
Air Magic      | 1 2 3 |  3.8
Earth Magic    | 1 2 3 |  3.8
Poison Magic   | 1 2 3 |  3.8
Short Blades   | 3 4 5 |  5.4
Dodging        | 5 6 |  6.6
Hexes          | 6 |  6.7

Action                   |  1- 3 |  4- 6 |  7- 9 || total
-------------------------+-------+-------+-------++-------
Melee: Dagger            |   104 |   109 |   197 ||   410
       Bite              |     4 |    14 |    23 ||    41
       Rapier            |    35 |    23 |       ||    58
       Punch             |       |     1 |     4 ||     5
Throw: Boomerang         |       |       |     3 ||     3
 Cast: Confusing Touch   |     1 |    19 |    27 ||    47
       Tukima's Dance    |       |    16 |    14 ||    30
  Use: Potion            |       |     5 |     4 ||     9
 Stab: Sleeping          |    14 |     2 |    10 ||    26
       Confused          |       |     7 |     8 ||    15
       Invisible         |       |     1 |       ||     1
Armor: Robe              |    30 |    40 |    13 ||    83
       Steam dragon scal |       |       |    24 ||    24
Dodge: Dodged            |    99 |    79 |    97 ||   275

Table legend: (Time is in decaauts)
 A = Elapsed time spent in this place.
 B = Non-inter-level travel time spent in this place.
 C = Inter-level travel time spent in this place.
 D = Time resting spent in this place.
 E = Time spent auto-exploring this place.
 F = Levels seen in this place.
 G = Mean time per level.
                   A        B        C        D        E       F      G
               +--------+--------+--------+--------+--------+-----+--------+
         Total |   9366 |   9081 |    285 |    738 |   6092 |   9 | 1040.7 |
       Dungeon |   8984 |   8705 |    279 |    463 |   6050 |   8 | 1123.0 |
        Temple |    381 |    375 |      6 |    275 |     42 |   1 |  381.0 |
               +--------+--------+--------+--------+--------+-----+--------+

Top non-repeatable levels by time:
     D:1: 1701 daAuts
     D:4: 1497 daAuts
     D:2: 1268 daAuts
     D:5: 1217 daAuts
     D:7: 1184 daAuts
     D:6: 882 daAuts
     D:3: 697 daAuts
     D:8: 534 daAuts
  Temple: 381 daAuts
